 Dungeon Crawl Stone Soup version 0.30.0-5-g1a98f26d00 (webtiles) character file.

Game seed: 17817175194580120653

6 CaptainMV the Stinger (level 1, 0/15 HPs)
             Began as a Naga Venom Mage on May 11, 2023.
             Slain by a hobgoblin (4 damage)
             ... on level 1 of the Dungeon.
             The game lasted 00:02:00 (141 turns).

CaptainMV the Stinger (Naga Venom Mage)              Turns: 141, Time: 00:02:01

Health: 0/15       AC:  1    Str: 10    XL:     1   Next: 90%
Magic:  3/3        EV:  7    Int: 15    God:
Gold:   0          SH:  8    Dex: 11    Spells: 3/4 levels left

rFire   . . .        c - +0 dagger
rCold   . . .        d - +2 kite shield
rNeg    . . .        a - +0 robe
rPois   +            (no helmet)
rElec   .            (no cloak)
rCorr   .            (no gloves)
SInv    +            (no barding)
Will    .....        (no amulet)
Stlth   ++           (no ring)
HPRegen 0.22/turn    (no ring)
MPRegen 0.08/turn

%: no passive effects
@: very slow
A: AC +0, large, see invisible, deformed body, poison resistance, slowness 2,
spit poison 1, naga tail 1
a: Spit Poison


You were on level 1 of the Dungeon.
You visited 1 branch of the dungeon, and saw 1 of its levels.

Inventory:

Hand Weapons
 c - a +0 dagger (weapon)
Armour
 a - a +0 robe (worn)
 d - a +2 kite shield (worn)
Potions
 b - a potion of magic


   Skills:
 + Level 1.6 Dodging
 + Level 3.1 Stealth
 + Level 2.0 Spellcasting
 + Level 1.0 Transmutations
 + Level 4.3 Poison Magic


You had 3 spell levels left.
You knew the following spells:

 Your Spells              Type           Power      Damage    Failure   Level
a - Sting                 Tmut/Pois      36%        1d4       38%         1

Your spell library contained the following spells:

 Spells                   Type           Power      Damage    Failure   Level
 Poisonous Vapours        Pois/Air       16%        N/A       58%         2
 Mephitic Cloud           Conj/Pois/Air  5%         N/A       90%         3
 Olgreb's Toxic Radiance  Pois           14%        N/A       90%         4


Dungeon Overview and Level Annotations

Branches:
Dungeon (1/15)

Altars:


Innate Abilities, Weirdness & Mutations

Your serpentine skin is tough. (AC +0)
You have supernaturally acute eyesight. (SInv)
Armour fits poorly on your strangely shaped body.
Your system is resistant to poisons. (rPois)
You cover ground very slowly.
You can spit poison.
You have a snake-like lower body.


Message History

Found a scroll labelled AWNEYRCH DACEF.
You miss the frilled lizard. The frilled lizard closely misses you.
You hit the frilled lizard.
The frilled lizard is heavily wounded.
The frilled lizard barely misses you. You block the frilled lizard's attack.
You completely miss the frilled lizard.
The frilled lizard is heavily wounded.
The frilled lizard closely misses you.
You closely miss the frilled lizard.
The frilled lizard is heavily wounded.
You block the frilled lizard's attack.
You miss the frilled lizard.
The frilled lizard is heavily wounded.
The hobgoblin shouts!
You block the frilled lizard's attack.
You closely miss the frilled lizard.
The frilled lizard is heavily wounded.
The frilled lizard bites you. x2; You block the hobgoblin's attack.
You miss the frilled lizard.
The frilled lizard is heavily wounded.
You block the hobgoblin's attack. You block the frilled lizard's attack.
You hit the frilled lizard.
You kill the frilled lizard!
You block the hobgoblin's attack. You block the hobgoblin's attack.
You see here a frilled lizard corpse.
You hit the hobgoblin but do no damage. You block the hobgoblin's attack.
The hobgoblin barely misses you.
You closely miss the hobgoblin. The hobgoblin hits you.
You closely miss the hobgoblin. The hobgoblin hits you.
You closely miss the hobgoblin. The hobgoblin hits you.
* * * LOW HITPOINT WARNING * * *
You block the hobgoblin's attack.
You hit the hobgoblin.
The hobgoblin is moderately wounded.
You block the hobgoblin's attack.
You hit the hobgoblin.
The hobgoblin is severely wounded.
The hobgoblin hits you.
You die...

.... #.>. #? #..# #.##
#.## ..# #######.# ..#
... ........# #.# #.#
#..####.#
##.###.####.####.# ##
#...##.##......#.##
#...#.........~~~~....†
#...@....#.~~~~~~..##
#...##g#####.~~~~~~..##
## #.# #.~~~~~...## #.#
#..~~~~.#.## ?..
##......#.## #.#
#........## #.#
###........
#.########.#######
.....^....#


You could see a hobgoblin.

Vanquished Creatures
  A bat (D:1)
  7 frilled lizards (D:1)
  A goblin (D:1)
9 creatures vanquished.

Notes
Turn   | Place    | Note
-------+----------+-------------------------------------------
     0 | D:1      | CaptainMV the Naga Venom Mage began the quest for the Orb.
     0 | D:1      | Reached XP level 1. HP: 15/15 MP: 3/3
   141 | D:1      | Slain by a hobgoblin

Illustrated notes

Levels and vault maps discovered:
D:1:      scummos_arrival_checkerplants, layout_loops_ring, serial_shops,
          nicolae_shop_window_shopping, minmay_lizard_pond

Action                     || total
---------------------------++-------
  Melee: Unarmed           ||    18
         Dagger            ||    14
         Punch             ||     1
   Cast: Sting             ||     4
 Armour: Robe              ||     8
  Dodge: Dodged            ||    11
  Block: Kite shield       ||    11
